Construct Section Command Post
Selects Indian Artillery Battlegroup
Construct Platoon Command Post
Unlock Bishop Self-propelled Artillery
Selects Gurkha Rifles Section
6-pounder Anti-tank Gun Team
Selects Artillery Saturation
Bishop Self-propelled Artillery
Bishop Self-propelled Artillery
Selects Off-map Airburst Barrage
Bishop Self-propelled Artillery
Selects Perimeter Monitor
Construct Company Command Post